 Dungeon Crawl Stone Soup version 0.29.1-12-g30fa7ad0bf (webtiles) character file.

Game seed: 14845350313971383849

1059 hawla the Firebug (level 8, -2/59 HPs)
             Began as a Meteoran Fire Elementalist on Jan 13, 2023.
             Was a Follower of Vehumet.
             Slain by an ice beast (11 damage)
             ... on level 7 of the Dungeon.
             The game lasted 00:07:59 (992 turns).

hawla the Firebug (Meteoran Fire Elementalist)       Turns: 992, Time: 00:08:00

Health: -2/59      AC:  3    Str: 10    XL:     8   Next: 81%
Magic:  11/19      EV: 13    Int: 18    God:    Vehumet [*.....]
Gold:   121        SH:  0    Dex: 15    Spells: 13/20 levels left

rFire   . . .      SeeInvis .   (no weapon)
rCold   . . .      Faith    .   (no shield)
rNeg    . . .      Spirit   .   a - +0 robe
rPois   .          Reflect  .   (no helmet)
rElec   .          Harm     .   f - +0 cloak
rCorr   .          Rampage  .   (no gloves)
Will    +....                   (no boots)
Stlth   +.........              (no amulet)
HPRegen 0.19/turn               (no ring)
MPRegen 0.16/turn               (no ring)

@: glowing
A: sense surroundings 1, otherworldly, glowing, explore regen
a: Renounce Religion


You were on level 7 of the Dungeon.
You worshipped Vehumet.
Vehumet was aware of your devotion.
You visited 2 branches of the dungeon, and saw 8 of its levels.
You also visited: Sewer.

You collected 121 gold pieces.

Inventory:

Armour
 a - a +0 robe (worn)
 f - a +0 cloak (worn)


   Skills:
 + Level 1.1 Fighting
 + Level 4.1 Dodging
 - Level 1.5 Stealth
 + Level 6.7 Spellcasting
 + Level 6.1 Conjurations
 + Level 6.9 Fire Magic


You had 13 spell levels left.
You knew the following spells:

 Your Spells              Type           Power      Damage    Failure   Level
a - Foxfire               Conj/Fire      100%       2x1d9     1%          1
b - Scorch                Fire           62%        2d8       1%          2
c - Flame Wave            Conj/Fire      29%        2d9       8%          4

Your spell library contained the following spells:

 Spells                   Type           Power      Damage    Failure   Level
 Sandblast                Erth           12%        2d6       11%         1
 Conjure Flame            Conj/Fire      29%        6-21      2%          3
 Inner Flame              Hex/Fire       18%        N/A       8%          3
 Sticky Flame             Conj/Fire      29%        2d5       8%          4
 Ignite Poison            Fire/Tmut/Pois 14%        N/A       13%         3


Dungeon Overview and Level Annotations

Branches:
Dungeon (7/15) Zot: 3456   Temple (1/1) D:4 Zot: 564   Sewer (visited)

Altars:
Cheibriados
Dithmenos
Elyvilon
Fedhas
Hepliaklqana
Makhleb
Nemelex Xobeh
Okawaru
Qazlal
Sif Muna
Trog
Vehumet
Yredelemnul
Zin

Annotations:
Temple 2 transporters


Innate Abilities, Weirdness & Mutations

You passively map a small area around you.
You are easily found by Zot.
You glow in the dark.
You regain HP and MP as you explore.


Message History

The ice beast is lightly wounded.
Casting: Foxfire (safe; 1% risk of failure)
Confirm with . or Enter, or press ? or * to list all spells.
Flames lash the ice beast.
The ice beast melts!
The ice beast is moderately wounded.
The ice beast's fire resistance burns away.
Casting: Scorch (safe; 1% risk of failure)
Confirm with . or Enter, or press ? or * to list all spells.
You conjure some foxfire!
Casting: Foxfire (safe; 1% risk of failure)
Confirm with . or Enter, or press ? or * to list all spells.
Flames lash the steam dragon.
The steam dragon is moderately wounded.
The steam dragon's fire resistance burns away.
The foxfire hits the ice beast but does no damage.
The ice beast is lightly wounded.
The foxfire hits the ice beast.
The ice beast melts!
The ice beast is moderately wounded.
The ice beast hits you but does no damage.
Casting: Scorch (safe; 1% risk of failure)
Confirm with . or Enter, or press ? or * to list all spells.
Flames lash the steam dragon.
The steam dragon is burned terribly!
The steam dragon is severely wounded.
The ice beast is no longer more vulnerable to fire.
The steam dragon breathes steam at you. The ball of steam hits you!
The ice beast closely misses you. The steam dragon breathes steam at you.
The ball of steam hits you!
Casting: Scorch (safe; 1% risk of failure)
Confirm with . or Enter, or press ? or * to list all spells.
You conjure some foxfire!
You are engulfed in a cloud of scalding steam.
* * * LOW HITPOINT WARNING * * *
The steam dragon bites you but does no damage.
The steam dragon claws you.
* * * LOW HITPOINT WARNING * * *
The ice beast hits you.
* * * LOW HITPOINT WARNING * * *
The ice beast freezes you!
You die...

, * * , *#...... ,
* , *#[§...
**#§§§.#* *,# , ,
* ., #§§.§###+#.#
,
..####§§.........
...............##
......§v§#.......
,.......Y@v.......
,
.......D.#....#..
, , *
......§..+....#, ,
* .#....§.§#....#
,#.......##...#,
#.......# .### *
#.......# .#
##^#+####*.# * ,


You could see a steam dragon (combustible) and an ice beast (ally target).

Vanquished Creatures
  A two-headed ogre (D:6)
  A phantom (Sewer)
  A kobold brigand (Sewer)
  3 scorpions
  A jelly (D:6)
  An iguana (D:6)
  An adder (D:5)
  A shadow imp (Sewer)
  6 ufetubi (Sewer)
  An adder zombie (Sewer)
  6 orcs (D:4)
  6 ball pythons
  2 bat zombies (Sewer)
  An endoplasm (Sewer)
  A giant cockroach (Sewer)
  2 hobgoblins (D:3)
  10 kobolds
  7 bats
  2 goblins
  4 rats
58 creatures vanquished.

Vanquished Creatures (others)
  94 foxfires
94 creatures vanquished.

Grand Total: 152 creatures vanquished

Notes
Turn   | Place    | Note
-------+----------+-------------------------------------------
     0 | D:1      | hawla the Meteoran Fire Elementalist began the quest for
                  | the Orb.
     0 | D:1      | Reached XP level 1. HP: 14/14 MP: 5/5
    83 | D:1      | Reached XP level 2. HP: 20/20 MP: 2/6
    90 | D:1      | Learned a level 2 spell: Scorch
   315 | D:4      | Reached XP level 3. HP: 16/26 MP: 1/8
   374 | D:5      | Entered Level 5 of the Dungeon
   374 | D:5      | Noticed a scorpion
   376 | D:5      | Killed a scorpion
   377 | D:5      | Reached XP level 4. HP: 33/33 MP: 5/10
   377 | D:5      | Reached XP level 5. HP: 38/38 MP: 5/11
   381 | D:5      | Reached skill level 5 in Fire Magic
   411 | D:5      | Learned a level 4 spell: Flame Wave
   534 | D:4      | Found a staircase to the Ecumenical Temple.
   542 | Temple   | Entered the Ecumenical Temple
   542 | Temple   | Found a transporter.
   542 | Temple   | Found a transporter.
   544 | Temple   | Found a transporter.
   544 | Temple   | Found a transporter.
   563 | Temple   | Became a worshipper of Vehumet
   605 | D:4      | Reached XP level 6. HP: 45/45 MP: 5/12
   634 | D:5      | Found a glowing silver altar of Zin.
   639 | D:6      | Found a shadowy altar of Dithmenos.
   657 | D:6      | Reached skill level 5 in Conjurations
   725 | D:6      | Noticed a two-headed ogre
   731 | D:6      | Killed a two-headed ogre
   732 | D:6      | Reached skill level 1 in Fighting
   732 | D:6      | Reached skill level 5 in Spellcasting
   732 | D:6      | Reached XP level 7. HP: 40/52 MP: 2/16
   732 | D:6      | Reached XP level 8. HP: 45/59 MP: 2/17
   744 | D:6      | Found a glowing drain.
   753 | Sewer    | Entered a sewer
   807 | Sewer    | Reached * piety under Vehumet
   807 | Sewer    | Offered knowledge of Sandblast by Vehumet.
   983 | D:7      | Noticed a steam dragon
   992 | D:7      | Slain by an ice beast

Illustrated notes

Levels and vault maps discovered:
D:1:      denvon_arrival_planthouse, layout_loops_ring, serial_shops, shop,
          chequers_ecumenical_altar_twisty, st_stairs_11,
          chequers_serial_rivers_room_a, grunt_decor_clamped, minmay_hexomino_f4
D:2:      minmay_roachtagon, layout_loops_ring
D:3:      layout_basic, amcnicky_mini_rare_corridor_liquid, minivault_27,
          minmay_misc_feat_tiny
D:4:      layout_loops_ring, temple_fountains, serial_co_window_serial,
          co_window_of_opportunity_a, co_window_of_opportunity_a,
          co_window_of_opportunity_a, co_window_paths_a, co_window_corner_a,
          co_window_unsneaky_path_e, co_window_corner_b, co_window_corner_b,
          co_window_broadway_a, co_window_paths_c, co_window_unsneaky_path_b,
          glass_columns_b, glass_columns_a, glass_columns_b,
          hangedman_decor_peaks_small, chequers_serial_rivers_micro_b, hex_tiny,
          kennysheep_another_room, kennysheep_generic_room_13, uniq_natasha
D:5:      layout_rooms, mainiacjoe_overflow_chevrons, lemuel_crystal_altar,
          gammafunk_ghost_nasty_kobolds, goddamned_bats
D:6:      layout_basic, gammafunk_temple_overflow_claw,
          mainiacjoe_overflow_tiny_flanked, portal_sewer_entry_a,
          minmay_misc_feat_room, chequers_serial_rivers_micro_e
D:7:      layout_basic, kennysheep_cluttered_room
Temple:   hellmonk_temple_divided_pantheon

Skill      XL: |  1  2  3  4  5  6  7  8 |
---------------+-------------------------+-----
Fire Magic     | 4 5 6 |  6.9
Dodging        | 3 4 |  4.1
Spellcasting   | 3 5 6 |  6.7
Conjurations   | 4 5 6 |  6.1
Fighting       | 1 |  1.1
Stealth        | |  1.5

Action                   |  1- 3 |  4- 6 |  7- 9 || total
-------------------------+-------+-------+-------++-------
Melee: Unarmed           |     7 |     1 |     2 ||    10
 Cast: Foxfire           |    22 |    15 |    23 ||    60
       Scorch            |     8 |     9 |    10 ||    27
       Flame Wave        |       |     1 |     2 ||     3
  Use: Potion            |     1 |       |     2 ||     3
       Scroll            |       |     3 |       ||     3
Armor: Robe              |     8 |     1 |    18 ||    27
       Skin              |       |       |     2 ||     2
Dodge: Dodged            |    15 |     4 |    27 ||    46
